 Dungeon Crawl Stone Soup version 0.23.2-1-ga50397a (webtiles) character file.

Game seed: 12872586258231217224

872 night the Reanimator (level 7, -12/55 HPs)
             Began as a Deep Dwarf Necromancer on Apr 26, 2019.
             Mangled by a mummy (14 damage)
             ... in an ossuary.
             The game lasted 00:19:07 (5663 turns).

night the Reanimator (Deep Dwarf Necromancer)       Turns: 5663, Time: 00:19:08

Health: -12/55     AC:  8    Str: 12    XL:     7   Next: 74%
Magic:  4/15       EV: 11    Int: 17    God:
Gold:   145        SH:  0    Dex: 13    Spells: 11/16 levels left

rFire    . . .     SeeInvis +   t - +0 quarterstaff
rCold    . . .     Gourm    .   (shield currently unavailable)
rNeg     . . .     Faith    .   x - +3 ring mail
rPois    .         Spirit   .   (no helmet)
rElec    .         Reflect  .   (no cloak)
rCorr    .         Harm     .   (no gloves)
MR       +....                  (no boots)
Stlth    +.........             (no amulet)
HPRegen  0.00/turn              f - ring of see invisible
MPRegen  0.14/turn              w - ring of wizardry

@: non-regenerating
A: damage resistance, heal wounds, sense surroundings 1, no regeneration
a: Heal Wounds


You were in an ossuary.
You were hungry.

You visited 2 branches of the dungeon, and saw 6 of its levels.
You also visited: Ossuary.

You collected 145 gold pieces.

Inventory:

Hand Weapons
 b - a +0 club
 k - a +0 short sword
 p - a +0 war axe
 t - a +0 quarterstaff (weapon)
Missiles
 n - 63 bolts
 s - 44 arrows
 u - 169 stones (quivered)
 y - 5 tomahawks
 B - 23 sling bullets
Armour
 a - a +0 robe
 r - a +0 shield
 x - a +3 ring mail (worn)
Jewellery
 f - a ring of see invisible (left hand)
 v - an uncursed ring of ice
 w - a ring of wizardry (right hand)
Scrolls
 e - a scroll of random uselessness {unknown}
 h - 3 scrolls of amnesia {unknown}
 j - 2 scrolls of fog {unknown}
 l - a scroll of remove curse {unknown}
 m - 2 scrolls of identify {unknown}
 o - 2 scrolls of teleportation {unknown}
Potions
 d - 2 potions of curing {unknown}
 g - a potion of haste {unknown}
 i - a potion of ambrosia {unknown}
 q - a potion of brilliance {unknown}
 z - a potion of flight {unknown}
Comestibles
 c - 9 rations


   Skills:
 - Level 2.1 Dodging
 - Level 2.4 Stealth
 + Level 5.4 Spellcasting
 + Level 8.1 Necromancy


You had 11 spell levels left.
You knew the following spells:

 Your Spells              Type           Power        Failure   Level  Hunger
a - Pain                  Necr           ####         1%          1    None
b - Vampiric Draining     Necr           ####......   1%          3    ##.....
c - Animate Skeleton      Necr           N/A          1%          1    None

Your spell library contained the following spells:

 Spells                   Type           Power        Failure   Level  Hunger
 Animate Dead             Necr           N/A          4%          4    ####...
 Shock                    Conj/Air       #...         12%         1    None
 Swiftness                Chrm/Air       #.......     19%         2    #......
 Static Discharge         Conj/Air       #.......     34%         3    ##.....
 Airstrike                Air            #.........   73%         4    ####...
 Lightning Bolt           Conj/Air       #.........   96%         5    ######.
 Regeneration             Chrm/Necr      Unusable     N/A         3    N/A

Dungeon Overview and Level Annotations

Branches:
Dungeon (5/15)             Temple (1/1) D:4

Altars:
Ashenzari
Cheibriados
Dithmenos
Elyvilon
Fedhas
Gozag
Nemelex Xobeh
Trog
Uskayaw
Vehumet
Wu Jian
Zin
The Shining One


Innate Abilities, Weirdness & Mutations

You are resistant to damage.
You can heal yourself by infusing magical energy.
You passively map a small area around you.
You do not regenerate.


Message History

A mummy comes into view.
There is an empty arch of ancient stone here.
Casting: Pain (safe; 1% risk of failure)
Confirm with . or Enter, or press ? or * to list all spells.
You can't see any susceptible monsters within range! (Use Z to cast anyway.)
You barely miss the mummy. The mummy hits you!
* * * LOW HITPOINT WARNING * * *
You hit the mummy.
The mummy is lightly damaged.
The mummy hits you!
* * * LOW HITPOINT WARNING * * *
You hit the mummy.
The mummy is heavily damaged.
You barely miss the mummy.
The mummy is heavily damaged.
The mummy closely misses you.
You hit the mummy.
The mummy is severely damaged.
The mummy hits you!
You die...

* , + ,
+..# *
#..# *, ,
* #..# *
* #..# ,
, ,#..#
##+###..#
........#
......M@#
*
#########


You could see a mummy.

Vanquished Creatures
  Duvessa (D:4)
  2 phantoms
  An ice beast (D:5)
  Dowan (D:4)
  A howler monkey (D:4)
  2 bullfrog zombies
  A hound (D:5)
  Ijyb (D:3)
  An orc wizard (D:3)
  A worker ant (D:3)
  A hound zombie (D:5)
  A hound skeleton (D:4)
  A worker ant zombie (D:5)
  3 gnolls
  5 adders
  An ooze (D:1)
  2 worms (D:2)
  A dart slug (D:2)
  4 leopard geckos
  12 orcs
  7 giant cockroaches
  14 goblins
  7 hobgoblins
  8 jackals
  6 kobolds
  2 quokkas (D:4)
  9 bats
  9 frilled lizards
  A giant cockroach zombie (D:4)
  8 rats
114 creatures vanquished.

Notes
Turn   | Place    | Note
-------+----------+-------------------------------------------
     0 | D:1      | night the Deep Dwarf Necromancer began the quest for the
                  | Orb.
     0 | D:1      | Reached XP level 1. HP: 15/15 MP: 3/3
   168 | D:1      | Reached XP level 2. HP: 10/22 MP: 1/5
   608 | D:1      | Reached skill level 5 in Necromancy
   608 | D:1      | Reached XP level 3. HP: 4/28 MP: 4/6
   613 | D:1      | Learned a level 3 spell: Vampiric Draining
  1358 | D:2      | Found a sparkling altar of Nemelex Xobeh.
  1704 | D:2      | Reached XP level 4. HP: 31/36 MP: 1/8
  1887 | D:2      | Found a shadowy altar of Dithmenos.
  2676 | D:3      | Learned a level 1 spell: Animate Skeleton
  2701 | D:3      | Noticed Ijyb
  2714 | D:3      | Killed Ijyb
  2728 | D:3      | Reached XP level 5. HP: 12/42 MP: 3/9
  3244 | D:3      | Reached skill level 6 in Necromancy
  3698 | D:4      | Noticed Duvessa
  3711 | D:4      | Noticed Dowan
  3715 | D:4      | Killed Duvessa
  3715 | D:4      | Reached XP level 6. HP: 26/49 MP: 0/12
  4016 | D:4      | Found a white marble altar of Elyvilon.
  4055 | D:4      | Noticed a +0 hand axe
  4056 | D:4      | Noticed a +0 dagger
  4068 | D:4      | Found a hide-covered altar of Uskayaw.
  4082 | D:4      | Reached skill level 7 in Necromancy
  4282 | D:4      | Found a staircase to the Ecumenical Temple.
  4291 | Temple   | Entered the Ecumenical Temple
  4569 | D:4      | Killed Dowan
  4569 | D:4      | Reached XP level 7. HP: 54/55 MP: 0/13
  4946 | D:4      | Reached skill level 5 in Spellcasting
  5432 | D:5      | Entered Level 5 of the Dungeon
  5620 | D:5      | Found a sand-covered staircase.
  5640 | D:5      | Reached skill level 8 in Necromancy
  5654 | Ossuary  | Entered an ossuary
  5660 | Ossuary  | HP: 2/55 [mummy (8)]
  5663 | Ossuary  | Mangled by a mummy

Skill      XL: |  1  2  3  4  5  6  7 |
---------------+----------------------+-----
Spellcasting   | 2 3 4 5 |  5.4
Necromancy     | 5 6 7 8 |  8.1
Dodging        | |  2.1
Stealth        | |  2.4

Action                   |  1- 3 |  4- 6 |  7- 9 || total
-------------------------+-------+-------+-------++-------
Melee: Club              |    20 |       |       ||    20
       War axe           |     5 |     1 |       ||     6
       Quarterstaff      |       |    65 |   161 ||   226
 Cast: Pain              |    47 |    16 |     7 ||    70
       Vampiric Draining |    16 |    39 |    20 ||    75
       Animate Skeleton  |       |     1 |       ||     1
Evoke: Wand              |       |     4 |       ||     4
  Eat: Chunk             |     5 |    12 |     5 ||    22
Armor: Robe              |     7 |    13 |       ||    20
       Ring mail         |       |    10 |    99 ||   109
Dodge: Dodged            |    44 |    70 |   140 ||   254
